 Dungeon Crawl Stone Soup version 0.28-a0-657-g71136c5590 (webtiles) character file.

Game seed: 1008028946701142877

81 lawman0 the Covert (level 4, -1/41 HPs)
             Began as a Gnoll Delver on Oct 14, 2021.
             Slain by a centaur skeleton (2 damage)
             ... on level 4 of the Dungeon.
             The game lasted 00:01:30 (345 turns).

lawman0 the Covert (Gnoll Delver)                    Turns: 345, Time: 00:01:30

Health: -1/41      AC:  3    Str:  9 (11) XL:     4   Next: 42%
Magic:  5/5        EV: 12    Int:  7 (10) God:
Gold:   12         SH:  0    Dex: 11 (14) Spells: 5/5 levels left

rFire   . . .      SeeInvis .   a - +0 falchion
rCold   . . .      Faith    .   (no shield)
rNeg    . . .      Spirit   .   b - +0 leather armour
rPois   .          Reflect  .   (no helmet)
rElec   .          Harm     .   (no cloak)
rCorr   .          Rampage  .   (no gloves)
Will    .....                   (no boots)
Stlth   ++++......              (no amulet)
HPRegen 0.13/turn               (no ring)
MPRegen 0.09/turn               (no ring)

@: hasted, very quick
A: fangs 1, strong nose, distributed training
a: no special abilities


You were on level 4 of the Dungeon.
You visited 1 branch of the dungeon, and saw 2 of its levels.

You collected 12 gold pieces.

Inventory:

Hand Weapons
 a - a +0 falchion (weapon)
Missiles
 k - 21 stones (quivered)
Armour
 b - a +0 leather armour (worn)
Wands
 g - a wand of digging (3)
 i - a wand of acid (8)
 j - a wand of paralysis (4)
Scrolls
 c - a scroll of fog
 d - a scroll of identify {unknown}
 e - a scroll of fear


   Skills:
 + Level 6.6 Fighting
 + Level 1.1 Short Blades
 + Level 4.6 Long Blades
 + Level 1.1 Axes
 + Level 1.1 Maces & Flails
 + Level 1.1 Polearms
 + Level 1.1 Staves
 + Level 1.1 Slings
 + Level 1.1 Bows
 + Level 1.1 Crossbows
 + Level 1.1 Throwing
 + Level 1.1 Armour
 + Level 4.6 Dodging
 + Level 9.6 Stealth
 + Level 1.1 Shields
 + Level 1.1 Unarmed Combat
 + Level 1.1 Spellcasting
 + Level 0.9 Conjurations
 + Level 0.9 Hexes
 + Level 0.9 Summonings
 + Level 0.9 Necromancy
 + Level 0.9 Translocations
 + Level 0.9 Transmutations
 + Level 0.9 Fire Magic
 + Level 0.9 Ice Magic
 + Level 0.9 Air Magic
 + Level 0.9 Earth Magic
 + Level 0.9 Poison Magic
 + Level 1.2 Invocations
 + Level 1.1 Evocations


You had 5 spell levels left.
You didn't know any spells.
Your spell library contained the following spells:

 Spells                   Type           Power      Damage    Failure   Level
 Sting                    Tmut/Pois      4%         1d3       36%         1
 Poisonous Vapours        Pois/Air       2%         N/A       52%         2
 Olgreb's Toxic Radiance  Pois           1%         N/A       98%         4


Dungeon Overview and Level Annotations

Branches:
Dungeon (5/15)
 Temple: D:4-7

Altars:
Ashenzari
Xom
Yredelemnul


Innate Abilities, Weirdness & Mutations

You have very sharp teeth.
Your uncanny sense of smell can sniff out nearby items.
Your experience applies equally to all skills.


Message History

The iguana is severely wounded.
The iguana bites you!
You hit the iguana but do no damage.
The iguana is heavily wounded.
The iguana misses you.
You closely miss the iguana.
The iguana is heavily wounded.
The iguana misses you.
You completely miss the iguana.
The iguana is heavily wounded.
The iguana completely misses you.
The centaur skeleton closely misses you.
The centaur skeleton misses you.
You barely miss the iguana.
The iguana is heavily wounded.
The iguana bites you! The centaur skeleton barely misses you.
The centaur skeleton misses you. The iguana bites you!
* * * LOW HITPOINT WARNING * * *
You are too injured to fight recklessly!
You hit the iguana. Your bite misses the iguana.
The iguana is almost dead.
The centaur skeleton closely misses you.
The centaur skeleton barely misses you. The centaur skeleton hits you.
* * * LOW HITPOINT WARNING * * *
The centaur skeleton closely misses you.
The iguana barely misses you.
It was a potion of degeneration.
There was something very wrong with that liquid.
You feel weakened.
You feel dopey.
You feel clumsy. The centaur skeleton hits you.
* * * LOW HITPOINT WARNING * * *
The centaur skeleton barely misses you. The iguana barely misses you.
You feel yourself speed up.
The centaur skeleton closely misses you.
The centaur skeleton kicks you but does no damage.
The iguana barely misses you.
You hit the iguana.
You kill the iguana!
The centaur skeleton barely misses you. The centaur skeleton kicks you.
You die...

<... .. . ...
.# ..
..###.## ...
#.#.>..
....#.....#
.$........#
..........#
.......@..#
......†Z...#
......(.....#
#.....#....##
#.#...#....#
. ##...#...#
#. . .... ..
. .....


You could see a centaur skeleton.

Vanquished Creatures
  A water moccasin skeleton (D:5)
  An orc priest (D:5)
  An iguana (D:4)
  2 orcs (D:5)
5 creatures vanquished.

Notes
Turn   | Place    | Note
-------+----------+-------------------------------------------
     0 | D:5      | Reached skill level 9 in Stealth
     0 | D:5      | lawman0 the Gnoll Delver began the quest for the Orb.
     0 | D:5      | Reached XP level 1. HP: 23/23 MP: 1/1
    13 | D:5      | Found a basalt altar of Yredelemnul.
    29 | D:5      | Noticed an iguana
    52 | D:5      | Found a shimmering altar of Xom.
    60 | D:5      | Found a broken altar of Ashenzari.
    63 | D:5      | Noticed an orc wizard
    64 | D:5      | Noticed an orc priest
    73 | D:5      | Noticed an orc wizard
    91 | D:5      | Killed an orc priest
    92 | D:5      | Reached XP level 2. HP: 20/29 MP: 2/2
    92 | D:5      | Reached XP level 3. HP: 25/35 MP: 3/3
   295 | D:5      | Reached skill level 1 in Short Blades
   295 | D:5      | Reached skill level 1 in Axes
   295 | D:5      | Reached skill level 1 in Maces & Flails
   295 | D:5      | Reached skill level 1 in Polearms
   295 | D:5      | Reached skill level 1 in Staves
   295 | D:5      | Reached skill level 1 in Slings
   295 | D:5      | Reached skill level 1 in Bows
   295 | D:5      | Reached skill level 1 in Crossbows
   295 | D:5      | Reached skill level 1 in Throwing
   295 | D:5      | Reached skill level 1 in Armour
   295 | D:5      | Reached skill level 1 in Shields
   295 | D:5      | Reached skill level 1 in Unarmed Combat
   295 | D:5      | Reached skill level 1 in Spellcasting
   295 | D:5      | Reached skill level 1 in Invocations
   295 | D:5      | Reached skill level 1 in Evocations
   295 | D:5      | Reached XP level 4. HP: 41/41 MP: 5/5
   342 | D:4      | HP: 1/41 [centaur skeleton (2)]
   345 | D:4      | Slain by a centaur skeleton

Illustrated notes

Levels and vault maps discovered:
D:4:      layout_cave_pools, uniq_eustachio, uniq_menkaure
D:5:      layout_cave_pools, nicolae_yredelemnul_corpse_copse,
          mainiacjoe_overflow_catwalk_spiral, grunt_ministairs_7,
          minmay_splitting_lines

Skill      XL: |  1  2  3 |
---------------+----------+-----
Stealth        | |  9.6
Short Blades   | 1 |  1.1
Axes           | 1 |  1.1
Maces & Flails | 1 |  1.1
Polearms       | 1 |  1.1
Staves         | 1 |  1.1
Slings         | 1 |  1.1
Bows           | 1 |  1.1
Crossbows      | 1 |  1.1
Throwing       | 1 |  1.1
Armour         | 1 |  1.1
Shields        | 1 |  1.1
Unarmed Combat | 1 |  1.1
Spellcasting   | 1 |  1.1
Invocations    | 1 |  1.2
Evocations     | 1 |  1.1
Fighting       | |  6.6
Long Blades    | |  4.6
Dodging        | |  4.6
Conjurations   | |  0.9
Hexes          | |  0.9
Summonings     | |  0.9
Necromancy     | |  0.9
Translocations | |  0.9
Transmutations | |  0.9
Fire Magic     | |  0.9
Ice Magic      | |  0.9
Air Magic      | |  0.9
Earth Magic    | |  0.9
Poison Magic   | |  0.9

Action                   |  1- 3 |  4- 6 || total
-------------------------+-------+-------++-------
Melee: Falchion          |    17 |    11 ||    28
       Bite              |       |     1 ||     1
Evoke: Wand              |     3 |       ||     3
  Use: Scroll            |     1 |       ||     1
       Potion            |       |     2 ||     2
 Stab: Paralysed         |    12 |       ||    12
       Sleeping          |     1 |     1 ||     2
Armor: Leather armour    |       |     1 ||     1
Dodge: Dodged            |     4 |    19 ||    23

Table legend: (Time is in decaauts)
 A = Elapsed time spent in this place.
 B = Non-inter-level travel time spent in this place.
 C = Inter-level travel time spent in this place.
 D = Time resting spent in this place.
 E = Time spent auto-exploring this place.
 F = Levels seen in this place.
 G = Mean time per level.
                   A        B        C        D        E       F      G
               +--------+--------+--------+--------+--------+-----+--------+
         Total |    347 |    347 |      0 |    138 |      0 |   2 |  173.5 |
       Dungeon |    347 |    347 |      0 |    138 |      0 |   2 |  173.5 |
               +--------+--------+--------+--------+--------+-----+--------+

Top non-repeatable levels by time:
     D:5: 331 daAuts
     D:4: 15 daAuts
